 Dungeon Crawl Stone Soup version 0.29.1-15-g9cfb28693d (webtiles) character file.

Game seed: 4533307642840518320

31119 Hadoje the Severer (level 13, -10/114 HPs)
             Began as a Hill Orc Fighter on Mar 10, 2023.
             Was an Elder of Beogh.
             Killed from afar by a lindwurm (13 damage)
             ... with a blast of flame
             ... on level 5 of the Lair of Beasts.
             The game lasted 00:42:44 (15351 turns).

Hadoje the Severer (Hill Orc Fighter)              Turns: 15351, Time: 00:42:45

Health: -10/114    AC: 28    Str: 34    XL:     13   Next: 56%
Magic:  15/15      EV:  8    Int:  8    God:    Beogh [****..]
Gold:   582        SH: 21    Dex: 10    Spells: 14/15 levels left

rFire   . . .      SeeInvis .   a - +1 war axe (elec)
rCold   . . .      Faith    .   c - +0 tower shield
rNeg    . . .      Spirit   .   Q - +0 crystal plate armour
rPois   .          Reflect  +   x - +0 helmet
rElec   .          Harm     .   w - scarf {+Inv}
rCorr   .          Rampage  .   C - +1 pair of gloves
Will    .....                   p - +2 pair of boots {Fly}
Stlth   ..........              b - amulet of reflection
HPRegen 0.29/turn               l - +6 ring of strength
MPRegen 0.14/turn               y - ring of Ahiaxzan {EV+4 Str+4}

@: flying, slowed, very slow
A: talons 1
a: Renounce Religion, Evoke Invisibility, Smiting, Recall Orcish Followers


You were on level 5 of the Lair of Beasts.
You worshipped Beogh.
Beogh was greatly pleased with you.
You visited 3 branches of the dungeon, and saw 14 of its levels.
You also visited: Bailey.

You collected 712 gold pieces.
You spent 130 gold pieces at shops.

Inventory:

Hand Weapons
 a - a +1 war axe of electrocution (weapon)
 e - a +0 broad axe
 G - a +2 demon trident of flaming
Armour
 c - a +0 tower shield (worn)
 p - a +2 pair of boots of flying (worn)
 w - a scarf of invisibility (worn)
 x - a +0 helmet (worn)
 C - a +1 pair of gloves (worn)
 Q - a +0 crystal plate armour (worn)
Jewellery
 b - an amulet of reflection (around neck)
 i - a ring of ice
 l - a +6 ring of strength (left hand)
 m - an amulet of the acrobat
 y - the ring of Ahiaxzan (right hand) {EV+4 Str+4}
   (You found it on level 7 of the Dungeon)

   [ring of evasion]

   EV:        It affects your evasion (+4).
   Str:       It affects your strength (+4).
 P - an amulet of regeneration
Wands
 f - a wand of quicksilver (5)
 h - a wand of flame (17)
 t - a wand of roots (10)
 z - a wand of polymorph (5)
 A - a wand of paralysis (4)
 N - a wand of mindburst (6)
Scrolls
 g - 4 scrolls of teleportation
 k - 8 scrolls of fog
 E - a scroll of silence
 F - a scroll of summoning
 H - a scroll of brand weapon
 I - 5 scrolls of identify
 J - a scroll of magic mapping {unknown}
 L - a scroll of enchant weapon
 M - a scroll of poison {unknown}
 O - a scroll of fear {unknown}
Potions
 d - a potion of might
 j - 5 potions of haste
 q - 2 potions of lignification
 r - 6 potions of flight
 s - a potion of cancellation {unknown}
 u - 2 potions of degeneration {unknown}
 v - a potion of mutation
 B - a potion of magic {unknown}
 D - 2 potions of brilliance {unknown}
 K - a potion of attraction {unknown}
Miscellaneous
 o - a lightning rod (inert)


   Skills:
 * Level 10.7 Fighting
 * Level 16.4 Axes
 + Level 0.1 Throwing
 * Level 10.9 Armour
 - Level 0.1 Dodging
 + Level 0.1 Stealth
 * Level 12.9 Shields
 + Level 1.5 Spellcasting
 * Level 8.1 Hexes
 + Level 1.8 Evocations


You had 14 spell levels left.
You knew the following spells:

 Your Spells              Type           Power      Damage    Failure   Level
a - Slow                  Hex            52%        N/A       71%         1

Your spell library contained the following spells:

 Spells                   Type           Power      Damage    Failure   Level
 Confusing Touch          Hex            13%        N/A       97%         3
 Tukima's Dance           Hex            13%        N/A       97%         3
 Magic Dart               Conj           0%         1d3       100%        1
 Necrotise                Necr           0%         1d4       100%        1
 Shock                    Conj/Air       0%         1d3       100%        1
 Searing Ray              Conj           0%         2d4       100%        2
 Stone Arrow              Conj/Erth      0%         3d7       100%        3
 Swiftness                Air            0%         N/A       100%        3
 Vampiric Draining        Necr           0%         2d6       100%        3
 Airstrike                Air            0%         2d(0-16)  100%        4
 Animate Armour           Summ/Erth      0%         N/A       100%        4
 Fulminant Prism          Conj/Hex       3%         3d6       100%        4
 Hailstorm                Conj/Ice       0%         3d3       100%        4
 Ice Form                 Ice/Tmut       0%         N/A       100%        4
 Passage of Golubria      Tloc           0%         N/A       100%        4
 Agony                    Necr           0%         N/A       100%        5
 Summon Forest            Summ/Tloc      0%         N/A       100%        5
 Yara's Violent Unravell  Hex/Tmut       3%         3d4       100%        5
 Eringya's Noxious Bog    Tmut/Pois      0%         N/A       100%        6
 Simulacrum               Ice/Necr       0%         N/A       100%        6
 Summon Hydra             Summ           0%         N/A       100%        7
 Lehudib's Crystal Spear  Conj/Erth      0%         10d2      100%        8


Dungeon Overview and Level Annotations

Branches:
Dungeon (8/15)             Temple (0/1) D:7            Lair (5/5) D:8
 Spider (1/4) Lair:2       Bailey (visited)
  Swamp: Lair:2-3    Shoals: Lair:2-3     Slime: Lair:4-5

Altars:
Cheibriados
Dithmenos
Fedhas
Hepliaklqana
Makhleb
Nemelex Xobeh
Uskayaw
Vehumet
Wu Jian

Shops:
D:5 *

Annotations:
D:3 3 runed translucent doors, Hadoje's ghost, amateur HOFi
Lair:5 1 runed translucent door


Innate Abilities, Weirdness & Mutations

You have sharp toenails.


Message History

The lindwurm claws you but does no damage.
The lindwurm completely misses you.
You miss the tyrant leech.
The tyrant leech is heavily wounded.
You hit the lindwurm. Lightning courses through the lindwurm!
The tyrant leech bites you!
The tyrant leech draws strength from your injuries!
The lindwurm bites you. You block the lindwurm's attack. x2
You hit the tyrant leech.
The tyrant leech is heavily wounded.
You hit the lindwurm but do no damage. You block the tyrant leech's attack.
You block the lindwurm's attack. x2
The lindwurm claws you but does no damage.
The tyrant leech bites you!
The tyrant leech draws strength from your injuries!
Aiming: Thunderbolt
Press: ? - help, Q - select action, (/) - cycle Shift-Dir - straight line, f - torpor snail
Aim: a torpor snail The thunderbolt hits the torpor snail!
The torpor snail is lightly wounded.
The thunderbolt hits the tyrant leech!!
The tyrant leech is severely wounded.
The lightning rod overheats!
You block the lindwurm's attack. The lindwurm closely misses you.
You block the lindwurm's attack. The tyrant leech bites you!
The tyrant leech draws strength from your injuries!
You block the lindwurm's attack.
The lindwurm claws you but does no damage. x2
You hit the tyrant leech.
The tyrant leech is heavily wounded.
You hit the lindwurm. The lindwurm breathes flames at you.
The blast of flame hits you!
* * * LOW HITPOINT WARNING * * *
The tyrant leech bites you!!
* * * LOW HITPOINT WARNING * * *
The tyrant leech draws strength from your injuries!
The lindwurm breathes flames at you. The blast of flame hits you!
You die...

##...##.#...##
#.#....[...##
######.......####
##...####.†....#.#
#..... #.##.....###
#.w. ######.....###
#kw### ####..#...†.#
#?...###.....##.....
##.@........#####...
###....##### ####
###### #


You could see a tyrant leech, a torpor snail and a lindwurm (catching breath).

Vanquished Creatures
  An entropy weaver (Spider:1)
  A dire elephant (Lair:5)
  2 hydras
  2 death yaks (Lair:5)
  Urug (Lair:1)
  A pharaoh ant (Spider:1)
  3 lindwurms (Lair:5)
  2 orc knights (Bailey)
  Pikel (D:5)
  2 wolf spiders
  An elephant (Lair:5)
  5 black mambas
  4 torpor snails (Lair:5)
  7 cane toads
  Psyche (D:8)
  5 rime drakes
  4 komodo dragons
  2 tarantellas (Spider:1)
  3 polar bears
  13 blink frogs
  7 hornets
  2 tyrant leeches (Lair:5)
  5 dream sheep (Lair:5)
  Sigmund (D:5)
  3 jumping spiders (Spider:1)
  18 yaks
  3 wyverns
  2 basilisks (Lair:5)
  3 redbacks (Spider:1)
  2 steam dragons
  21 water moccasins
  2 ice beasts
  A black bear (D:5)
  4 orc warriors (Bailey)
  A sky beast (D:7)
  2 ogres
  2 centaurs
  A necrophage (D:7)
  A gnoll sergeant (D:7)
  5 bullfrogs
  A scorpion (D:6)
  3 wights (D:8)
  A howler monkey (D:8)
  An orc priest (D:8)
  A hound (D:5)
  Ijyb (D:5)
  An iguana (D:6)
  9 orc wizards
  9 gnolls
  8 adders
  2 shadow imps
  A white imp (D:8)
  An ufetubus (D:6)
  A worm (D:4)
  3 dart slugs
  14 orcs
  3 bats
  8 endoplasms
  3 giant cockroaches
  3 hobgoblins
  11 jackals
  2 quokkas
  4 ball pythons
  3 frilled lizards
  17 goblins
  21 kobolds
  4 rats
283 creatures vanquished.

Vanquished Creatures (collateral kills)
  An orc warrior (Bailey)
1 creature vanquished.

Vanquished Creatures (others)
  A water moccasin (D:4)
  A crimson imp (D:4)
  A bush (Lair:5)
  25 fungi
  46 plants
74 creatures vanquished.

Grand Total: 358 creatures vanquished

Notes
Turn   | Place    | Note
-------+----------+-------------------------------------------
     0 | D:1      | Hadoje the Hill Orc Fighter began the quest for the Orb.
     0 | D:1      | Reached XP level 1. HP: 19/19 MP: 1/1
    83 | D:1      | Found a faded altar of an unknown god.
   361 | D:1      | Reached XP level 2. HP: 20/27 MP: 2/2
   443 | D:1      | Reached skill level 3 in Axes
  1074 | D:2      | Reached XP level 3. HP: 30/33 MP: 3/3
  1424 | D:2      | Reached skill level 4 in Axes
  1424 | D:2      | Reached XP level 4. HP: 38/40 MP: 4/4
  1587 | D:2      | Found a snail-covered altar of Cheibriados.
  1771 | D:2      | Learned a level 1 spell: Slow
  2067 | D:3      | Reached XP level 5. HP: 10/47 MP: 2/5
  2068 | D:3      | HP: 2/47 [gnoll/+0 whip (5)]
  2741 | D:3      | Reached skill level 5 in Axes
  2801 | D:3      | Found a runed translucent gate.
  2802 | D:3      | Found a runed translucent gate.
  2802 | D:3      | Noticed a kobold brigand
  2804 | D:3      | Found a runed translucent gate.
  2804 | D:3      | Noticed Hadoje's ghost (amateur HOFi)
  3124 | D:4      | Became a worshipper of Beogh the Brigand
  3129 | D:4      | Noticed an ogre
  3149 | D:4      | Killed an ogre
  3150 | D:4      | Reached skill level 6 in Axes
  3150 | D:4      | Reached skill level 1 in Hexes
  3150 | D:4      | Reached XP level 6. HP: 4/53 MP: 6/6
  3257 | D:4      | Killed a water moccasin
  3725 | D:4      | Gained mutation: You are occasionally teleported next to
                  | monsters. [potion of mutation]
  3725 | D:4      | Gained mutation: You possess an exceptional clarity of
                  | mind. [potion of mutation]
  3752 | D:4      | Found a burning altar of Makhleb.
  3753 | D:4      | Found a radiant altar of Vehumet.
  4148 | D:5      | Entered Level 5 of the Dungeon
  4233 | D:5      | Found a hazy altar of Hepliaklqana.
  4266 | D:5      | Noticed Pikel
  4271 | D:5      | Noticed Sigmund
  4278 | D:5      | Killed Pikel
  4279 | D:5      | Reached skill level 5 in Fighting
  4279 | D:5      | Reached skill level 7 in Axes
  4279 | D:5      | Reached skill level 5 in Armour
  4279 | D:5      | Reached XP level 7. HP: 43/61 MP: 7/7
  4286 | D:5      | Killed Sigmund
  4287 | D:5      | Reached skill level 5 in Shields
  4287 | D:5      | Reached XP level 8. HP: 51/69 MP: 8/8
  4482 | D:5      | Lost mutation: You are occasionally teleported next to
                  | monsters. [potion of mutation]
  4482 | D:5      | Lost mutation: You possess an exceptional clarity of mind.
                  | [potion of mutation]
  4482 | D:5      | Gained mutation: You have sharp toenails. [potion of
                  | mutation]
  4506 | D:5      | Found a sparkling altar of Nemelex Xobeh.
  4506 | D:5      | Noticed Ijyb
  4507 | D:5      | Found a hide-covered altar of Uskayaw.
  4516 | D:5      | Killed Ijyb
  4517 | D:5      | Reached skill level 8 in Axes
  5035 | D:5      | Found Ylistoq's Assorted Antiques.
  5041 | D:5      | Bought a helmet for 130 gold pieces
  5119 | D:5      | Found a blossoming altar of Fedhas.
  5120 | D:5      | Found an ornate altar of the Wu Jian Council.
  5121 | D:5      | Found a shadowy altar of Dithmenos.
  5442 | D:6      | Reached skill level 9 in Axes
  5652 | D:6      | Reached * piety under Beogh
  5861 | D:6      | Reached XP level 9. HP: 77/77 MP: 9/9
  6152 | D:7      | Reached skill level 10 in Axes
  6673 | D:7      | Identified the ring of Ahiaxzan {EV+4 Str+4}
  6690 | D:7      | Found a staircase to the Ecumenical Temple.
  6959 | D:7      | Reached skill level 11 in Axes
  7474 | D:8      | Found a flagged portal.
  7501 | Bailey   | Entered a bailey
  7546 | Bailey   | Reached ** piety under Beogh
  7770 | Bailey   | Noticed an orc knight
  7770 | Bailey   | Noticed an orc knight
  7783 | Bailey   | Reached XP level 10. HP: 45/86 MP: 10/10
  7802 | Bailey   | Killed an orc knight
  7808 | Bailey   | Reached skill level 12 in Axes
  7808 | Bailey   | Killed an orc knight
  8345 | D:8      | Noticed Psyche
  8376 | D:8      | Found a staircase to the Lair.
  8425 | D:8      | Killed Psyche
  8566 | D:8      | Reached skill level 1 in Evocations
  8998 | D:8      | Reached skill level 5 in Hexes
  9344 | Lair:1   | Entered Level 1 of the Lair of Beasts
  9650 | Lair:1   | Noticed Urug
  9679 | Lair:1   | Killed Urug
  9680 | Lair:1   | Reached skill level 1 in Spellcasting
  9756 | Lair:1   | Noticed a cane toad
  9762 | Lair:1   | Killed a cane toad
  9763 | Lair:1   | Reached XP level 11. HP: 95/95 MP: 12/12
  9775 | Lair:1   | Reached skill level 13 in Axes
 10509 | Lair:2   | Found a hole to the Spider Nest.
 10799 | Lair:2   | Reached *** piety under Beogh
 10822 | Lair:2   | Noticed a five-headed hydra
 10838 | Lair:2   | Killed a five-headed hydra
 11083 | Lair:2   | Reached skill level 14 in Axes
 11524 | Spider:1 | Entered Level 1 of the Spider Nest
 11530 | Spider:1 | Noticed a pharaoh ant
 11545 | Spider:1 | Killed a pharaoh ant
 11557 | Spider:1 | Noticed an entropy weaver
 11573 | Spider:1 | Killed an entropy weaver
 11799 | Spider:1 | Noticed a wolf spider
 11816 | Spider:1 | Killed a wolf spider
 11817 | Spider:1 | Reached skill level 10 in Shields
 11817 | Spider:1 | Reached XP level 12. HP: 66/104 MP: 14/14
 12398 | Lair:3   | You are sucked into a shaft and drop 2 floors!
 12398 | Lair:5   | Entered Level 5 of the Lair of Beasts
 12442 | Lair:5   | Reached **** piety under Beogh
 12448 | Lair:5   | Reached skill level 15 in Axes
 13149 | Lair:5   | Noticed a death yak
 13150 | Lair:5   | Noticed a death yak
 13155 | Lair:5   | Noticed a death yak
 13156 | Lair:5   | Noticed a death yak
 13158 | Lair:5   | Noticed a death yak
 13163 | Lair:5   | Killed a death yak
 13164 | Lair:5   | Reached skill level 10 in Fighting
 13171 | Lair:5   | Reached skill level 10 in Armour
 13840 | Lair:4   | Noticed a seven-headed hydra
 13846 | Lair:4   | Killed a seven-headed hydra
 13847 | Lair:4   | Reached XP level 13. HP: 80/114 MP: 15/15
 14332 | Lair:4   | Reached skill level 16 in Axes
 14499 | Lair:5   | Noticed a dire elephant
 14517 | Lair:5   | Killed a dire elephant
 15184 | Lair:5   | Found a runed translucent door.
 15185 | Lair:5   | Noticed an ice dragon
 15350 | Lair:5   | HP: 2/114 [tyrant leech (22)]
 15351 | Lair:5   | Killed from afar by a lindwurm

Illustrated notes

Levels and vault maps discovered:
D:1:      lightli_arrival_farm, layout_basic, chequers_ecumenical_altar_grove
D:2:      layout_basic, basic_altar
D:3:      layout_rooms, gammafunk_ghost_nasty_kobolds
D:4:      layout_basic, grunt_temple_overflow_lords_of_destruction,
          chequers_serial_rivers_micro_e, grunt_ministairs_13,
          kennysheep_diamond
D:5:      layout_basic, grunt_temple_overflow_open, serial_shops, shop,
          uniq_pikel, uniq_sigmund, uniq_ijyb
D:6:      layout_loops_ring
D:7:      layout_basic, minmay_temple_entry_statues_fountains, item_on_display_a
D:8:      layout_basic, lair_entry_dummy, enter_bailey_5, uniq_psyche
Lair:1:   layout_cave_pods, chequers_serial_rivers_micro_d, uniq_urug
Lair:2:   layout_chaotic_city, spider_nest_entry_web_field, guppyfry_lair_drakes
Lair:3:   layout_misc_corridors, shoals_dummy_entry,
          ebering_ghost_disaster_area, portal_ice_cave_rime,
          chequers_serial_rivers_small_a, infiniplex_staircase_pool,
          grunt_megastairs_3, serial_bayou_shore_a, lemuel_fruit_tree
Lair:4:   layout_cave_pods
Lair:5:   hangedman_lair_in_review, layout_regular_city, wormcave,
          dpeg_slime_entry_enclosed
Spider:1: layout_spider_delve

Skill      XL: |  1  2  3  4  5  6  7  8  9 10 11 12 13 |
---------------+----------------------------------------+-----
Axes           | 3 4 6 7 9 11 12 14 15 16 | 16.4
Fighting       | 4 5 6 7 8 9 10 | 10.7
Armour         | 4 5 6 7 8 9 10 | 10.9
Shields        | 4 5 6 7 10 12 | 12.9
Hexes          | 1 2 3 4 5 6 7 8 |  8.1
Evocations     | 1 |  1.8
Spellcasting   | 1 |  1.5
Throwing       | |  0.1
Dodging        | |  0.1
Stealth        | |  0.1

Action                   |  1- 3 |  4- 6 |  7- 9 | 10-12 | 13-15 || total
-------------------------+-------+-------+-------+-------+-------++-------
Melee: War axe           |    91 |   132 |   196 |   377 |   158 ||   954
       Kick              |       |       |    40 |     2 |       ||    42
       Unarmed           |       |       |       |     1 |       ||     1
Throw: Throwing net      |       |       |     1 |       |       ||     1
 Cast: Slow              |       |       |       |     7 |       ||     7
Invok: Convert to Beogh  |       |     1 |       |       |       ||     1
       Recall Orcish Fol |       |       |       |       |     1 ||     1
Evoke: Wand              |       |       |       |     5 |       ||     5
       Lightning rod     |       |       |       |     9 |     2 ||    11
  Use: Scroll            |       |    12 |     2 |     4 |       ||    18
       Potion            |       |     1 |     1 |     5 |     2 ||     9
Armor: Scale mail        |    51 |       |       |       |       ||    51
       Plate armour      |    16 |    64 |    82 |   210 |    26 ||   398
       Crystal plate arm |       |       |       |       |    11 ||    11
Dodge: Dodged            |    52 |    36 |    55 |   122 |    31 ||   296
Block: Buckler           |    19 |    43 |    92 |    23 |       ||   177
       Reflection        |       |     2 |    13 |     6 |       ||    21
       Tower shield      |       |       |       |   493 |   128 ||   621
